 BcadrenCrawl: Boulder Brew version 0.06-688-g08e91b2d95 (webtiles) character file.

Game seed: 12738365434224523369

76 pipel the Caller (level 4, -2/43 HPs) Deep Elf Summoner. Began on Jan 27, 2023. Slain by a water moccasin (5 damage) ... on level 2 of the Dungeon. The game lasted 00:05:40 (1479 turns).

pipel the Caller (Deep Elf Summoner)                Turns: 1479, Time: 00:05:40

Health: -2/43      AC:  2    Str:  5    XL:     4 ^: 87
Magic:  8/11       EV: 13    Int: 21    God:
Gold:   25         SH:  0    Dex: 15    Spells: 2/10 levels left

rFire    . . .     Slash    x     - Unarmed
rCold    . . .     Pierce   .     - Unarmed
rNeg     . . .     Bludgeon .   a - +0 robe
rCorr    . . .     Vision   .   (no helmet)
rPois    .         Gourm    +   (no cloak)
rElec    .         Faith    .   (no gloves)
MR       +....     Spirit   .   (no boots)
HPRegen  0.24/turn Reflect  .   l - amulet of the gourmand
MPRegen  0.21/turn Harm     .   f - ring of protection from magic
Stlth    ++........             (no ring)

@: lethally poisoned (-2 -> -18)
A: soft flesh
a: no special abilities


You were on level 2 of the Dungeon.
You were very full.

You visited 1 branch of the dungeon, and saw 2 of its levels.

You collected 25 gold pieces.

Inventory:

Weapons
 k - a +0 spear
Armour
 a - a +0 robe (worn)
Jewellery
 d - a cursed ring of wizardry {(Curse: rF-)}
 f - a ring of protection from magic (left hand)
 h - a cursed ring of resist corrosion {(Curse: Int-5)}
 i - a cursed ring of intelligence {(Curse: rC- Slay-6)}
 j - an uncursed amulet of chaos
 l - an amulet of the gourmand (around neck)
Scrolls
 e - a scroll of torment
 g - 2 scrolls of fear
Potions
 b - 2 potions of cure mutation
Comestibles
 c - 3 rations


   Skills:
 + Level 0.3 Fighting
 + Level 2.7 Dodging
 - Level 2.4 Stealth
 + Level 1.1 Unarmed Combat
 + Level 3.9 Spellcasting
 + Level 5.3 Summonings


You had 2 spell levels left.
You knew the following spells:

 Your Spells              Type           Power        Failure   Level  Hunger
a - Summon Small Mammal   Summ           25 (25)      1%          1    0
b - Call Canine Familiar Summ 26 (100) 4% 3 38-98 c - Summon Ice Beast Ice/Summ       15 (100)     38%         4    118-218

Your spell library contained the following spells:

 Spells                   Type           Power        Failure   Level  Hunger
 Call Imp Summ 26 (100) 1% 2 0-38 Summon Lightning Spire Summ/Air       15 (100)     75%         5    238-398


Dungeon Overview and Level Annotations

Branches:
Dungeon (2/8)

Altars:


Innate Abilities, Weirdness & Mutations

Your soft flesh is weak to deep cuts.
Heavy manmade armour will nullify this weakness. (rSlashing-)


Message History

Your hound bites the water moccasin (2).
It resists.
The ball python bites your hound but does no damage.
The ball python barely misses your hound.
Your cinder newt bites the adder.
It resists.
Your cinder newt burns the adder (1).
The adder resists.
The adder bites your bat skeleton (2).
It resists.
Your bat skeleton is destroyed!
The cinder newt bites your hound (1). The cinder newt burns your hound (3).
Unknown command.
Unknown command.
* * * LOW HITPOINT WARNING * * *
You feel sick. (2)
Your hound bites the cinder newt (2).
The ball python bites your hound (2).
The ball python barely misses your hound.
Your cinder newt bites the adder (1).
It resists.
Your cinder newt burns the adder (2).
The adder resists.
Your hound barely misses the ball python.
The cinder newt bites your hound (1). The cinder newt burns your hound (3).
The water moccasin bites you (5).
You die... .≈≈≈≈;≈=.....≈# .≈≈≈≈≈≈.#P.#≈## ≈≈≈≈≈≈JK#P#### ≈≈≈≈≈≈Sl## #PPPPP≈≈h#

#≈PPP≈l≈<#
.P≈PPP≈S≈#
≈.≈P≈≈≈§S#
.≈≈P.≈.@.#
#......≈≈#
#.≈≈≈≈≈≈≈#
..≈≈≈≈≈≈≈#
≈.≈≈≈≈≈≈..
#≈b≈≈≈≈≈..#
#≈≈≈≈b≈≈...
#≈≈≈≈≈≈≈.#.≈


You could see a water moccasin, a submerged ooze, a cinder newt, a submerged
adder, a ball python, a kobold, a friendly hound (summoned) and a friendly
submerged cinder newt (summoned).

Vanquished Creatures
  A leopard gecko (D:1)
  A ball python (D:1)
  4 bats (D:1)
  A goblin (D:1)
  2 hobgoblins (D:1)
  3 rats (D:1)
12 creatures vanquished.

Vanquished Creatures (collateral kills)
  A jelly (D:2)
  2 giant cockroaches (D:1)
  An adder (D:2)
  A cinder newt (D:1)
  2 dart slugs (D:1)
  A ball python (D:2)
  4 bats
  5 goblins (D:1)
  6 hobgoblins (D:1)
  A bat skeleton (D:2)
  3 kobolds (D:1)
  4 rats (D:1)
31 creatures vanquished.

Vanquished Creatures (others)
  A ball python (D:2)
  A kobold (D:2)
  27 withered plants (D:2)
29 creatures vanquished.

Grand Total: 72 creatures vanquished

Notes
Turn   | Place    | Note
-------+----------+-------------------------------------------
     0 | D:1      | pipel the Deep Elf Summoner began the quest for the Orb.
     0 | D:1      | Reached XP level 1. HP: 21/21 MP: 6/6
   257 | D:1      | Reached XP level 2. HP: 28/28 MP: 6/8
   698 | D:1      | Reached skill level 5 in Summonings
   698 | D:1      | Reached XP level 3. HP: 33/36 MP: 6/10
   703 | D:1      | Learned a level 3 spell: Call Canine Familiar
   852 | D:1      | Reached skill level 1 in Unarmed Combat
  1342 | D:2      | Reached XP level 4. HP: 21/43 MP: 6/11
  1354 | D:2      | Learned a level 4 spell: Summon Ice Beast
  1453 | D:2      | Noticed a big kobold
  1458 | D:2      | Noticed a water moccasin
  1479 | D:2      | Slain by a water moccasin

Illustrated notes

Levels and vault maps discovered:
D:1:      minmay_arrival_radiant_lines, layout_basic, serial_co_window_serial,
          co_window_corner_a, co_window_corner_a, co_window_paths_a,
          co_window_paths_a, co_window_of_opportunity_a, co_window_corner_a,
          co_window_2corner, co_window_cross_3, co_window_broadway_a,
          glass_columns_c, glass_columns_a, glass_columns_a
D:2:      layout_sewer, serial_shops,
          nicolae_shop_temple_entry_statues_fountains, shop, uniq_edmund,
          uniq_duvessa

Skill      XL: |  1  2  3 |
---------------+----------+-----
Summonings     | 5 |  5.3
Unarmed Combat | 1 |  1.1
Fighting       | |  0.3
Dodging        | |  2.7
Stealth        | |  2.4
Spellcasting   | |  3.9

Action                   |  1- 3 |  4- 6 || total
-------------------------+-------+-------++-------
Melee: Unarmed           |    92 |     8 ||   100
Throw: Bone              |     1 |       ||     1
 Cast: Summon Small Mamm |    43 |     4 ||    47
       Call Canine Famil |     5 |     1 ||     6
  Use: Scroll            |       |     1 ||     1
 Stab: Sleeping          |     3 |       ||     3
  Eat: Chunk             |    16 |     2 ||    18
Armor: Robe              |    12 |     6 ||    18
Dodge: Dodged            |    14 |     3 ||    17
